 Dungeon Crawl Stone Soup version 0.27-a0-836-gfc908b8576 (webtiles) character file.

Game seed: 702187574650640468

133 dickylongcocking the Magician (level 5, -11/40 HPs)
             Began as a Djinni Fire Elementalist on Mar 31, 2021.
             Was an Initiate of Gozag.
             Mangled by Crazy Yiuf
             ... wielding a +4 quarterstaff of chaos
              (13 damage)
             ... on level 2 of the Dungeon.
             The game lasted 00:02:32 (3829 turns).

dickylongcocking the Magician (DjFE)                Turns: 3829, Time: 00:02:33

Health: -11/40     AC:  3    Str:  7    XL:     5   Next: 16%
Gold:   183        EV: 12    Int: 17    God:    Gozag SH:  0 Dex: 18

rFire    + + .     SeeInvis .   f - +3 dagger (antimagic)
rCold    x . .     Faith    .   (no shield)
rNeg     . . .     Spirit   .   c - +0 leather armour
rPois    ∞         Reflect  .   (no helmet)
rElec    .         Harm     .   (no cloak)
rCorr    .         Rampage  .   (no gloves)
Will     .....                  (boots unavailable)
Stlth    +++.......             (no amulet)
HPRegen  0.13/turn              (no ring)
MPRegen  0.00/turn              (no ring)

@: mighty, flying, very slightly contaminated
A: fire resistance 2, cold vulnerability 1, float, innate caster, hp casting,
extra vitality 1, thin skeletal structure 1, agile 1
a: Renounce Religion, Potion Petition, Call Merchant, Bribe Branch


You were on level 2 of the Dungeon.
You worshipped Gozag.
Gozag was aware of your devotion.
You visited 1 branch of the dungeon, and saw 2 of its levels.

You collected 209 gold pieces.
You paid 26 gold pieces to Gozag.

Inventory:

Hand Weapons
 f - a +3 antimagic dagger (weapon)
Armour
 a - a +0 robe
 c - a +0 leather armour (worn)
Wands
 h - a wand of random effects (20)
Scrolls
 d - a scroll of enchant armour {unknown}
 e - a scroll of noise {unknown}
 g - a scroll of fog {unknown}
 i - a scroll of identify {unknown}
 l - a scroll of acquirement {unknown}
Potions
 b - 2 potions of curing {unknown}
 k - a potion of brilliance


   Skills:
 * Level 3.1 Fighting
 - Level 2.1 Dodging
 - Level 1.5 Stealth
 * Level 3.9 Spellcasting


You couldn't memorise any spells.
You knew the following spells:

 Your Spells              Type           Power      Damage    Failure   Level
a - Foxfire               Conj/Fire      64%        2x1d7     4%          1
b - Conjure Flame         Conj/Fire      16%        6-21      14%         3
c - Inner Flame           Hex/Fire       16%        N/A       14%         3
d - Sticky Flame          Conj/Fire      16%        2d4       43%         4
e - Fireball              Conj/Fire      8%         3d6       78%         5
f - Sting                 Tmut/Pois      64%        1d6       4%          1
g - Passwall              Tmut/Erth      13%        N/A       7%          2
Your spell library was empty.

Dungeon Overview and Level Annotations

Branches:
Dungeon (2/15)

Altars:
Gozag
Ru

Shops:
D:1 [=(

Annotations:
D:2 Crazy Yiuf


Innate Abilities, Weirdness & Mutations

You are immune to poison.
Your flesh is very heat resistant. (rF++)
You are vulnerable to cold. (rC-)
You float through the air rather than walking.
You learn spells naturally, not from books.
Your magical power is your life essence.
You have superior vitality. (+4 HP)
You have a somewhat thin skeletal structure. (Dex +2, Stealth)
You are agile. (Dex +2)


Message History

Crazy Yiuf is heavily wounded.
Crazy Yiuf hits you with a +4 quarterstaff of chaos!
Unknown command.
Casting: Sting (safe; 4% risk of failure)
Confirm with . or Enter, or press ? or * to list all spells.
Aiming: Sting (safe; 4% risk of failure)
Press: ? - help, Shift-Dir - straight line, f/p - Crazy Yiuf
Aim: Crazy Yiuf, wielding a +4 quarterstaff of chaos and wearing a +0 cloak (heavily wounded, very poisoned, 23% to evade)
Okay, then.
Casting: Sting (safe; 4% risk of failure)
Confirm with . or Enter, or press ? or * to list all spells.
Okay, then.
Crazy Yiuf hits you with a +4 quarterstaff of chaos!
You feel very mighty all of a sudden.
Casting: Sting (safe; 4% risk of failure)
Confirm with . or Enter, or press ? or * to list all spells.
Okay, then.
Casting: Sting (safe; 4% risk of failure)
Confirm with . or Enter, or press ? or * to list all spells.
Okay, then.
Casting: Sting (safe; 4% risk of failure)
Confirm with . or Enter, or press ? or * to list all spells.
The spell is extremely dangerous to cast (43% risk of failure)!
Continue anyway?
Aiming: Sticky Flame (extremely dangerous; 43% risk of failure)
Press: ? - help, Shift-Dir - straight line, f/p - Crazy Yiuf
Aim: Crazy Yiuf, wielding a +4 quarterstaff of chaos and wearing a +0 cloak (heavily wounded, very poisoned, 0% to evade)
You miscast Sticky Flame.
You are very lightly contaminated with residual magic.
You feel a strange surge of energy!
* * * LOW HITPOINT WARNING * * *
x2 Crazy Yiuf closely misses you.
Unknown command.
Unknown command.
Unknown command.
Unknown command.
It was a potion of mutation.
You feel extremely strange.
You feel agile.
Your bones become slightly less dense.
Crazy Yiuf hits you with a +4 quarterstaff of chaos!
You die...
Your body crumbles into a pile of gold.

#...#.####.####.#.#
#.###...........#.#
#.# ######.######.#
#.# #.# #..# ###
### #.## #.#
#######.## ###
###.#..#...#
#...##g@#.......#
#...'.####......#
##### #)..###
##.#..## #...# ###
###### #.### #.#
####.# ### .....#
#.# ###### #.#


You could see Crazy Yiuf (very poisoned).

Vanquished Creatures
  Terence (D:1)
  Jessica (D:2)
  2 adders (D:2)
  A worm (D:2)
  3 dart slugs
  4 ball pythons
  6 endoplasms
  A giant cockroach (D:2)
  6 goblins
  5 hobgoblins
  8 jackals
  3 bats (D:2)
  2 frilled lizards
  3 kobolds
  6 rats
52 creatures vanquished.

Vanquished Creatures (others)
  78 foxfires
78 creatures vanquished.

Grand Total: 130 creatures vanquished

Notes
Turn   | Place    | Note
-------+----------+-------------------------------------------
     0 | D:1      | dickylongcocking the Djinni Fire Elementalist began the
                  | quest for the Orb.
     0 | D:1      | Reached XP level 1. HP: 15/15 MP: 0/0
   215 | D:1      | Reached skill level 1 in Fighting
   215 | D:1      | Reached XP level 2. HP: 15/22 MP: 0/0
   217 | D:1      | Found Peveycig's Armour Boutique.
   494 | D:1      | Found Dauseas's Jewellery Shop.
   519 | D:1      | Found Ceiqug's Antique Weapon Shoppe.
   911 | D:1      | Reached XP level 3. HP: 22/27 MP: 0/0
   911 | D:1      | Learned a level 1 spell: Sting
  1278 | D:2      | Noticed Terence
  1295 | D:1      | Killed Terence
  1490 | D:2      | Reached XP level 4. HP: 22/34 MP: 0/0
  1857 | D:2      | Found an opulent altar of Gozag.
  1857 | D:2      | Noticed Jessica
  1870 | D:2      | Became a worshipper of Gozag Ym Sagoz the Greedy
  1887 | D:2      | Killed Jessica
  2654 | D:2      | Reached XP level 5. HP: 20/40 MP: 0/0
  2654 | D:2      | Learned a level 2 spell: Passwall
  3492 | D:2      | Found a sacrificial altar of Ru.
  3581 | D:2      | Found a runed translucent door.
  3582 | D:2      | Noticed Crazy Yiuf
  3828 | D:2      | HP: 2/40 [something (10)]
  3829 | D:2      | Gained mutation: You are agile. (Dex +2) [potion of
                  | mutation]
  3829 | D:2      | Gained mutation: You have a somewhat thin skeletal
                  | structure. (Dex +2, Stealth) [potion of mutation]
  3829 | D:2      | Mangled by Crazy Yiuf

Illustrated notes

Levels and vault maps discovered:
D:1:      lemuel_arrival_tunnels, layout_basic, serial_shops,
          nicolae_shop_statue_plus, nicolae_shop_crystal, shop,
          minmay_pentomino_x2
D:2:      minmay_chambers_of_ones, layout_loops_ring,
          nicolae_gozag_cash_rules_everything_around_me,
          nicolae_ru_sacrificial_ziggurat, uniq_terence, uniq_jessica,
          uniq_crazy_yiuf_cottage

Skill      XL: |  1  2  3  4 |
---------------+-------------+-----
Fighting       | 1 2 3 |  3.1
Spellcasting   | 3 |  3.9
Dodging        | |  2.1
Stealth        | |  1.5

Action                   |  1- 3 |  4- 6 || total
-------------------------+-------+-------++-------
Melee: Dagger            |    16 |    40 ||    56
       Unarmed           |     2 |       ||     2
 Cast: Foxfire           |    40 |    10 ||    50
       Sting             |     8 |    18 ||    26
       Inner Flame       |       |     2 ||     2
  Use: Potion            |       |     2 ||     2
Armor: Leather armour    |     7 |    18 ||    25
       Robe              |     1 |       ||     1
Dodge: Dodged            |    16 |    31 ||    47

Table legend: (Time is in decaauts)
 A = Elapsed time spent in this place.
 B = Non-inter-level travel time spent in this place.
 C = Inter-level travel time spent in this place.
 D = Time resting spent in this place.
 E = Time spent auto-exploring this place.
 F = Levels seen in this place.
 G = Mean time per level.
                   A        B        C        D        E       F      G
               +--------+--------+--------+--------+--------+-----+--------+
         Total |   3829 |   3779 |     50 |    468 |   2956 |   2 | 1914.5 |
       Dungeon |   3829 |   3779 |     50 |    468 |   2956 |   2 | 1914.5 |
               +--------+--------+--------+--------+--------+-----+--------+

Top non-repeatable levels by time:
     D:2: 2421 daAuts
     D:1: 1408 daAuts
